Map: 贝克特工业-天梯版

Players

玩家2 - Winner!

  • Race: Zerg Zerg

CommandeR

  • Race: Protoss Protoss
  • League: Diamond

VOD

Have the link to the VOD?

Description

Time

  • Played on: March 7, 2022, 4:41 a.m.
  • Length: 5:37
Show
View Real Time Build Order
Export as new Build Order

玩家2 Zerg - Winner!

Build Orders: Pool Only 

Get SALT Encoding   

  12  0:01  Drone  
  13  0:12  Overlord  
  13  0:16  Drone  
  14  0:37  Spawning Pool  
  14  0:40  Drone, Extractor  
  13  0:47  Drone  
  14  0:53  Overlord  
  14  1:25  Zergling x2  
  15  1:27  Queen  
  15  1:31  Roach Warren  
  16  1:35  Drone  
  16  1:38  Extractor  
  16  1:44  Drone  
  17  1:54  Zergling x2  
  18  2:03  Drone  
  19  2:10  Drone  
  20  2:19  Drone  
  20  2:22  Zergling x2  
  22  2:29  Overlord  
  22  2:34  Drone  
  23  2:41  Drone  
  24  2:48  Drone  
  27  2:51  Roach  
Show
View Real Time Build Order
Export as new Build Order

CommandeR Protoss 

Build Orders: 1 Gate Expand 

Get SALT Encoding   

  12  0:00  Probe  
  13  0:12  Probe  
  14  0:19  Pylon  
  14  0:24  Probe  
  15  0:37  Probe (Chrono Boost)  
  15  0:38  Gateway  
  16  0:48  Assimilator  
  16  0:49  Probe (Chrono Boost)  
  17  0:53  Probe (Chrono Boost)  
  18  1:03  Probe  
  19  1:15  Probe  
  20  1:25  Nexus  
  20  1:35  Cybernetics Core  
  20  1:38  Probe  
  21  1:45  Assimilator  
  21  1:50  Probe  
  21  1:52  Pylon  
  22  2:02  Probe  
  23  2:08  Adept (Chrono Boost)  
  23  2:10  Probe  
  26  2:18  Probe  
  26  2:21  Stargate  
  27  2:29  Probe (Chrono Boost)  
  27  2:31  Warp Gate  
  28  2:37  Probe (Chrono Boost)  
  28  2:42  Stalker  
  32  2:47  Probe (Chrono Boost)  
  32  2:48  Probe (Chrono Boost)  
  33  2:53  Probe x2 (Chrono Boost)  
  35  3:01  Void Ray (Chrono Boost)  
  35  3:04  Probe  
  35  3:05  Probe  
  41  3:15  Adept  
  41  3:16  Probe  
  41  3:17  Probe  
  45  3:23  Pylon  
  45  3:32  Robotics Facility  
  46  3:35  Probe  
  46  3:50  Twilight Council  
  46  3:59  Gateway x2  
  46  4:02  Gateway  
  46  4:04  Gateway  
  46  4:07  Gateway  
  46  4:09  Gateway  
  46  4:15  Warp Prism (Chrono Boost)  
  46  4:18  Charge (Chrono Boost)  
  46  4:19  Zealot  
  50  4:29  Gateway  
  50  4:38  Pylon x2  
  50  4:40  Pylon  
  50  4:41  Pylon  
  50  4:42  Zealot  
  52  5:03  Zealot x6  
  52  5:04  Zealot  
  66  5:29  Zealot x6  
  66  5:30  Zealot x2  
Tags
 
Add a new tag
Caveats
  • Supply blocks, unpowered buildings, or Contaminate may cause inaccurate times.
  • Supply counts are checked every 10 seconds.